 Dungeon Crawl Stone Soup version 0.22-a0-443-g17c3723 (webtiles) character file.

1150 KristoblXynda the Slasher (level 8, -3/61 HPs)
             Began as a Purple Draconian Skald on June 1, 2018.
             Was a Follower of Ashenzari.
             Slain by an adder (4 damage)
             ... while paralysed
             ... on level 6 of the Dungeon.
             The game lasted 00:11:01 (6383 turns).

KristoblXynda the Slasher (Purple Draconian Skald)  Turns: 6383, Time: 00:11:02

Health: -3/61      AC:  7    Str: 15    XL:     8   Next: 15%
Magic:  11/11      EV:  2    Int: 15    God:    Ashenzari [*.....]
Gold:   428        SH:  0    Dex: 10    Spells: 3/11 levels left

rFire    . . .     SeeInvis .   b - +0 long sword
rCold    . . .     Gourm    .   (no shield)
rNeg     . . .     Faith    .   (armour unavailable)
rPois    .         Spirit   .   (helmet restricted)
rElec    .         Reflect  .   (no cloak)
rCorr    .         Harm     .   (no gloves)
MR       +....                  m - +0 pair of boots
Stlth    +.........             f - amulet of rage
HPRegen  0.20/turn              (no ring)
MPRegen  0.12/turn              (no ring)

@: paralysed, lethally poisoned (-3 -> -6), berserk cooldown, slowed
A: breathe power, unfitting armour, cold-blooded, AC +6
a: Breathe Dispelling Energy, Curse Item, Scrying, Renounce Religion, Evoke
Berserk Rage


You were on level 6 of the Dungeon.
You worshipped Ashenzari.
Ashenzari was aware of your devotion.
You were not hungry.

You visited 1 branch of the dungeon, and saw 6 of its levels.

You collected 428 gold pieces.

Inventory:

Hand Weapons
 b - a +0 long sword (weapon)
Armour
 m - a +0 pair of boots (worn)
Jewellery
 f - an amulet of rage (around neck)
Wands
 g - a wand of enslavement (18)
 v - a wand of flame (23)
 w - a wand of iceblast (9)
Scrolls
 e - 8 scrolls of remove curse
 h - 2 scrolls of enchant armour {unknown}
 i - 2 scrolls of immolation {unknown}
 k - 3 scrolls of amnesia {unknown}
 l - 2 scrolls of random uselessness {unknown}
 r - 3 scrolls of fog {unknown}
 s - 2 scrolls of magic mapping
Potions
 d - 4 potions of mutation
 n - 2 potions of magic
 o - 2 potions of curing
 p - 2 potions of brilliance
 t - a potion of heal wounds
Comestibles
 c - 2 rations


   Skills:
 - Level 2.1 Fighting
 * Level 7.4 Long Blades
 - Level 4.2 Dodging
 - Level 2.4 Spellcasting
 + Level 6.4 Charms


You had 3 spell levels left.
You knew the following spells:

 Your Spells              Type           Power        Failure   Level  Hunger
a - Infusion              Chrm           ###.         1%          1    #......
b - Regeneration          Chrm/Necr      ##........   17%         3    ###....
c - Summon Lightning Spi  Summ/Air       #.......     91%         4    #####..

Your spell library contained the following spells:

 Spells                   Type           Power        Failure   Level  Hunger
 Summon Small Mammal      Summ           #...         22%         1    #......
 Summon Ice Beast         Ice/Summ       #.......     91%         4    #####..
 Call Imp                 Summ           #.......     32%         2    ###....
 Spider Form              Tmut/Pois      #.........   54%         3    ###....
 Blade Hands              Tmut           #.........   99%         5    ######.
 Ice Form                 Ice/Tmut       #.......     91%         4    #####..
 Sticks to Snakes         Tmut           #.......     32%         2    ###....
 Call Canine Familiar     Summ           #.......     54%         3    ###....
 Shroud of Golubria       Chrm/Tloc      ##........   9%          2    ###....
 Beastly Appendage        Tmut           #.....       22%         1    #......
 Song of Slaying          Chrm           ###.....     2%          2    ###....
 Spectral Weapon          Hex/Chrm       ##......     17%         3    ###....
 Summon Guardian Golem    Hex/Summ       #.......     54%         3    ###....


Dungeon Overview and Level Annotations

Branches:
Dungeon (6/15)             Temple (0/1) D:6

Altars:
Ashenzari
Hepliaklqana
Okawaru
Ru
Vehumet
Xom
Yredelemnul

Annotations:
D:5 Gorglomux's ghost, novice GrFi


Innate Abilities, Weirdness & Mutations

You can breathe bolts of dispelling energy.
Your rich purple scales are hard. (AC +6)
You cannot fit into any form of body armour.
You are cold-blooded and may be slowed by cold attacks.


Message History

You feel a strong urge to attack something.
You are no longer berserk.
You pass out from exhaustion.
You feel yourself slow down. Something hits you but does no damage.
Something bites you.
Something draws strength from your injuries!
The adder bites you but does no damage. Something hits you.
Something bites you!
* * * LOW HITPOINT WARNING * * *
Something draws strength from your injuries!
The adder bites you.
* * * LOW HITPOINT WARNING * * *
You are poisoned.
The adder poisons you! Something hits you!
* * * LOW HITPOINT WARNING * * *
Something bites you.
* * * LOW HITPOINT WARNING * * *
Something draws strength from your injuries!
The adder bites you.
You die...

..####.......###)#
#.#.#
...............#.#
#.#.#
##.##............#
#.#
##.##.#......#.#.#
...##..........#.#
......##.##.####.#
.....)##..#.P....#
......###.#..P...#
......# #...P>..@#
......# ##.....S{#
......# #...P..h#
.###### ##.####.#
.# #..###.# .#
##.#.... .#
#.#.#.## ### .#
#.#.#.# ... .#
#...#.###.#.#


You could see a black bear and an adder.

Vanquished Creatures
  2 phantoms
  3 ogres
  A centaur (D:6)
  2 bullfrogs (D:6)
  A bullfrog skeleton (D:4)
  2 orc priests (D:4)
  2 hounds
  An orc wizard (D:4)
  2 iguanas
  Natasha (twice) (D:3)
  5 worker ants
  4 adders
  5 worms
  A leopard gecko (D:6)
  4 orcs
  11 bats
  5 giant cockroaches
  4 hobgoblins
  11 jackals
  A quokka (D:3)
  3 ball pythons
  3 frilled lizards
  7 goblins
  2 jackal skeletons
  2 kobolds (D:2)
  2 rats (D:3)
88 creatures vanquished.

Notes
Turn   | Place    | Note
-------+----------+-------------------------------------------
     0 | D:1      | KristoblXynda the Draconian Skald began the quest for the Orb.
     0 | D:1      | Reached XP level 1. HP: 17/17 MP: 3/3
   253 | D:1      | Reached XP level 2. HP: 24/24 MP: 5/5
  1646 | D:2      | Reached XP level 3. HP: 27/29 MP: 6/6
  1655 | D:2      | Found a shattered altar of Ashenzari.
  1659 | D:2      | Saw a vision of the Shoals and the Spider Nest.
  1659 | D:2      | Noticed a scorpion
  1659 | D:2      | Noticed a merfolk
  1659 | D:2      | Noticed a merfolk
  1660 | D:2      | Noticed a hornet
  1660 | D:2      | Noticed a merfolk
  1696 | D:2      | Became a worshipper of Ashenzari the Shackled
  1769 | D:3      | Reached skill level 3 in Long Blades
  2092 | D:3      | Noticed an ogre
  2115 | D:3      | Killed an ogre
  2115 | D:3      | Reached XP level 4. HP: 12/36 MP: 1/7
  2115 | D:3      | Reached XP level 5. HP: 13/41 MP: 1/8
  2392 | D:3      | Reached skill level 4 in Long Blades
  2483 | D:3      | Noticed Natasha
  2492 | D:3      | Killed Natasha
  2511 | D:3      | Noticed Natasha
  2519 | D:3      | Killed Natasha
  2596 | D:3      | Found a hazy altar of Hepliaklqana.
  2639 | D:4      | Noticed a phantom
  2671 | D:4      | Killed a phantom
  2671 | D:4      | Reached XP level 6. HP: 33/48 MP: 9/9
  2678 | D:4      | Learned a level 3 spell: Regeneration
  2698 | D:4      | Reached skill level 5 in Long Blades
  3324 | D:4      | Your scales start taking on a rich purple colour.
  3324 | D:4      | Reached skill level 5 in Charms
  3324 | D:4      | Reached XP level 7. HP: 32/55 MP: 10/10
  3811 | D:4      | Found a sacrificial altar of Ru.
  4408 | D:4      | Reached skill level 6 in Long Blades
  4415 | D:4      | Found a shimmering altar of Xom.
  4436 | D:5      | Entered Level 5 of the Dungeon
  4553 | D:5      | Noticed Gorglomux's ghost (novice GrFi)
  4846 | D:5      | Learned a level 4 spell: Summon Lightning Spire
  5417 | D:6      | Reached skill level 7 in Long Blades
  5524 | D:6      | Found a staircase to the Ecumenical Temple.
  5566 | D:6      | Reached * piety under Ashenzari
  5567 | D:6      | Found a basalt altar of Yredelemnul.
  5567 | D:6      | Found an iron altar of Okawaru.
  5623 | D:6      | Found a radiant altar of Vehumet.
  5633 | D:6      | Reached XP level 8. HP: 61/61 MP: 11/11
  6383 | D:6      | HP: 1/61 [something (5)]
  6383 | D:6      | Slain by an adder

Vault maps used:
D:1:      eino_arrival_cavern_d
D:2:      grunt_ashenzari_visionary
D:3:      lemuel_coloured_pillars_altar, first_ration, uniq_natasha
D:4:      kennysheep_little_box, kennysheep_mini_moat, kennysheep_generic_room_4
D:5:      uniq_eustachio
D:6:      minmay_cornered_nines, grunt_temple_overflow_open,
          minmay_temple_entry_overgrown

Skill      XL: |  1  2  3  4  5  6  7 |
---------------+----------------------+-----
Charms         | 3 5 6 |  6.4
Long Blades    | 3 4 5 7 |  7.4
Dodging        | 3 4 |  4.2
Fighting       | |  2.1
Spellcasting   | |  2.4

Action                   |  1- 3 |  4- 6 |  7- 9 || total
-------------------------+-------+-------+-------++-------
Melee: Falchion          |   104 |    85 |       ||   189
       Tailslap          |     9 |    16 |    26 ||    51
       Long sword        |       |    16 |   209 ||   225
 Cast: Infusion          |     1 |     1 |     1 ||     3
       Regeneration      |       |       |     1 ||     1
 Abil: Breathe Dispellin |       |       |     3 ||     3
       Evoke Berserk Rag |       |       |     1 ||     1
Evoke: Wand              |     1 |       |       ||     1
  Use: Scroll            |       |     6 |     7 ||    13
       Potion            |       |     3 |     1 ||     4
 Stab: Sleeping          |     2 |       |       ||     2
  Eat: Chunk             |     4 |     1 |     2 ||     7
       Ration            |       |     1 |     3 ||     4
Armor: Skin              |    39 |    19 |    67 ||   125
Dodge: Dodged            |   113 |    81 |   139 ||   333
       Rpst.: Falchion   |    44 |    20 |       ||    64
       Long sword        |       |     2 |    41 ||    43

Table legend:
 A = Spawn XP
 B = Non-spawn XP
 C = Spawn XP percentage of total XP
 D = Spawn monster count
 E = Non-spawn monster count
 F = Spawn count percentage of total count
 G = Total turns spent on level
                    A         B        C        D         E        F      G
               +---------+---------+-------+---------+---------+-------+---------
         Total |       0 |    1644 |   0.0 |       0 |      88 |   0.0 |  6383
               +---------+---------+-------+---------+---------+-------+---------
           D:1 |       0 |      18 |   0.0 |       0 |      10 |   0.0 |  1042
           D:2 |       0 |      27 |   0.0 |       0 |      14 |   0.0 |   691
           D:3 |       0 |     233 |   0.0 |       0 |      21 |   0.0 |  1006
           D:4 |       0 |     666 |   0.0 |       0 |      25 |   0.0 |  1697
           D:5 |       0 |     324 |   0.0 |       0 |      10 |   0.0 |   858
           D:6 |       0 |     376 |   0.0 |       0 |       8 |   0.0 |  1089
               +---------+---------+-------+---------+---------+-------+---------
